 Dungeon Crawl Stone Soup version 0.16-a0-2844-g9b01c91 (console) character file.

3079 nht the Martial Artist (level 9, -2/59 HPs)
             Began as a Merfolk Transmuter on Nov 29, 2014.
             Was a Follower of Nemelex Xobeh.
             Killed by the air
             ... invoked by Gastronok
              (23 damage)
             ... on level 8 of the Dungeon.
             The game lasted 00:17:22 (8930 turns).

nht the Martial Artist (Merfolk Transmuter)         Turns: 8930, Time: 00:17:22

Health: -2/59      AC:  7    Str: 15    XL:     9   Next: 89%
Magic:  14/16      EV: 21    Int: 17    God:    Nemelex Xobeh [*.....]
Gold:   480        SH:  0    Dex: 20    Spells: 1 memorised, 9 levels left

rFire  . . .     SeeInvis .       - Unarmed
rCold  . . .     Clarity  .     c - melded +0 robe
rNeg   . . .     SustAb   .     (shield currently unavailable)
rPois  x         Gourm    .     F - melded +0 helmet
rElec  .         Spirit   .     w - melded +0 cloak
rCorr  .         Warding  .     q - melded +0 pair of gloves
rMut   .         Stasis   .     (boots currently unavailable)
MR     .....                    (no amulet)
Stlth  ++........               p - +5 ring of protection
                                j - +2 ring of intelligence

@: mighty, spider-form, not resistant to hostile enchantments, unstealthy
A: (change form in water), (swift swim)
a: End Transformation, Renounce Religion


You were on level 8 of the Dungeon.
You worshipped Nemelex Xobeh.
Nemelex Xobeh was aware of your devotion.
You were hungry.
You were a venomous arachnid creature.
You visited 1 branch of the dungeon, and saw 8 of its levels.

You collected 480 gold pieces.

Inventory:

Armour
 c - a +0 robe (melded)
 q - a +0 pair of gloves (melded)
 w - a +0 cloak (melded)
 F - a +0 helmet (melded)
Jewellery
 j - a +2 ring of intelligence (left front leg)
 p - a +5 ring of protection (right front leg)
 s - an uncursed ring of fire
 x - an uncursed ring of teleportation
 z - an uncursed ring of flight
Magical devices
 E - a wand of lightning (9)
 J - a wand of slowing (15)
 N - a wand of digging (15)
 O - a wand of paralysis (24)
Scrolls
 b - a scroll of teleportation
 i - 8 scrolls of identify
 o - a scroll of amnesia
 r - 2 scrolls of remove curse
 A - a scroll of fog
 I - a scroll of fear
Potions
 e - 4 potions of restore abilities
 g - 4 potions of cancellation
 h - a potion of curing
 k - 2 potions of heal wounds
 n - a potion of agility
 u - a potion of invisibility
Books
 d - a book of Changes

   Spells                             Type                      Level
   a - Beastly Appendage              Transmutation                1
   b - Sticks to Snakes               Transmutation                2
   c - Spider Form                    Transmutation/Poison         3
   d - Ice Form                       Ice/Transmutation            4
   e - Blade Hands                    Transmutation                5
 D - a book of Debilitation

   Spells                             Type                      Level
   a - Corona                         Hexes                        1
   b - Slow                           Hexes                        2
   c - Inner Flame                    Hexes/Fire                   3
   d - Enslavement                    Hexes                        4
   e - Cause Fear                     Hexes                        4
   f - Leda's Liquefaction            Hexes/Earth                  4
Miscellaneous
 G - an ornate deck of escape {drawn: 5}
Comestibles
 a - 8 bread rations
 f - 4 fruits
 m - 5 meat rations
 C - 8 beef jerkies


   Skills:
 - Level 1.1 Fighting
 - Level 2.6 Dodging
 * Level 11.5 Unarmed Combat
 - Level 2.0 Spellcasting
 + Level 9.8 Transmutations
 + Level 5.1 Evocations


You had 9 spell levels left.
You knew the following spells:

 Your Spells              Type           Power        Failure   Level  Hunger
b - Spider Form           Trmt/Pois      ###.......   24%         3    ###....


Dungeon Overview and Level Annotations

Branches:
Dungeon (8/15)             Temple (0/1) D:7
   Lair: D:8-11

Altars:
Ashenzari
Cheibriados
Dithmenos
Kikubaaqudgha
Nemelex Xobeh
Qazlal
Vehumet
Zin

Annotations:
D:8 Gastronok


Message History

Gastronok is lightly wounded.
You bite Gastronok!
Gastronok is moderately wounded.
Gastronok bites you!!
Ouch! That really hurt!
You bite Gastronok!
Gastronok is moderately wounded.
You bite Gastronok!
Gastronok is moderately wounded.
Gastronok misses you.
You bite Gastronok!
Gastronok is heavily wounded.
You maul Gastronok!!
Gastronok is severely wounded.
You maul Gastronok!!
Gastronok is almost dead.
Gastronok waves his eye-stalks in wide circles.
The air twists around and strikes you!
You die...
Your body disappears without a glow.

.......█ ███████████████.██
..████.█ █..............█.█ █.█
█.█ ██.█████████████)██
█.████.██████.█.██ █.█
............(███.█ █.█
██.███.██████.█.██ █.█
██.███....████.██ █.█
...........█ ███ █.█
██.........█ █.█
█████.....█████████████████.███
██.........s..............█
████████.w███████████..█.█ █
█..█ █.██.█ █ █..█ █.██.█ █
█..█ █.██<█ █ █..█ █.██.█ █
█..█ █.██.█ █ ████..█ █.██.█ █
█.....█ █....█ █ █.██.█████████
█.█.██


████████ █.██.........█ █.█.█ You could see Gastronok.

Vanquished Creatures
  Grinder (D:3)
  A hungry ghost (D:8)
  Edmund (D:7)
  3 orc warriors
  An eye of draining (D:8)
  A sky beast (D:7)
  A black bear (D:7)
  A phantom (D:8)
  3 ogres
  An ice beast (D:7)
  4 giant frogs
  A water moccasin skeleton (D:6)
  A scorpion (D:4)
  2 crimson imps
  2 goliath beetles (D:6)
  A gnoll shaman (D:5)
  3 giant frog skeletons
  3 iguanas
  3 giant frog zombies
  2 hounds (D:7)
  6 orc wizards
  3 orc priests (D:7)
  Natasha (thrice) (D:3)
  3 worker ants
  Ijyb (D:7)
  A hound skeleton (D:6)
  A hound zombie (D:6)
  6 adders
  10 gnolls
  5 giant mites
  3 shadow imps
  3 worms
  2 adder skeletons
  An adder zombie (D:4)
  8 giant geckos
  32 orcs
  4 ball pythons
  12 giant cockroaches
  7 hobgoblins
  8 jackals (D:3)
  3 quokkas
  14 bats
  6 giant newts
  A giant spore (D:7)
  13 goblins
  A jackal zombie (D:4)
  10 kobolds
  11 rats
  3 ballistomycetes (D:7)
217 creatures vanquished.

Vanquished Creatures (others)
  A giant newt (D:3)
1 creature vanquished.

Grand Total: 218 creatures vanquished

Notes
Turn   | Place    | Note
--------------------------------------------------------------
     0 | D:1      | nht, the Merfolk Transmuter, began the quest for the Orb.
     0 | D:1      | Reached XP level 1. HP: 15/15 MP: 3/3
   343 | D:1      | Reached XP level 2. HP: 16/21 MP: 2/4
   567 | D:1      | Reached skill level 4 in Unarmed Combat
   985 | D:2      | Reached XP level 3. HP: 22/26 MP: 4/6
  1468 | D:2      | Learned a level 3 spell: Spider Form
  1661 | D:2      | Reached XP level 4. HP: 27/32 MP: 3/7
  2060 | D:3      | Noticed Grinder
  2063 | D:3      | Paralysed by Grinder for 5 turns
  2075 | D:3      | Killed Grinder
  2075 | D:3      | Reached skill level 6 in Unarmed Combat
  2075 | D:3      | Reached skill level 5 in Transmutations
  2075 | D:3      | Reached XP level 5. HP: 9/37 MP: 9/9
  2075 | D:3      | Reached XP level 6. HP: 10/43 MP: 10/10
  2089 | D:3      | Noticed Natasha
  2105 | D:3      | Killed Natasha
  2457 | D:3      | Noticed Natasha
  2464 | D:3      | Killed Natasha
  2551 | D:3      | Noticed Natasha
  2555 | D:3      | Killed Natasha
  3130 | D:4      | Reached skill level 7 in Unarmed Combat
  3215 | D:4      | Reached XP level 7. HP: 48/48 MP: 8/12
  3694 | D:4      | Found a stormy altar of Qazlal.
  3843 | D:4      | Found a snail-covered altar of Cheibriados.
  4201 | D:5      | Entered Level 5 of the Dungeon
  4202 | D:5      | rough
  4224 | D:5      | Reached skill level 8 in Unarmed Combat
  4341 | D:5      | Found a stormy altar of Qazlal.
  4531 | D:5      | Reached XP level 8. HP: 51/54 MP: 13/13
  5103 | D:6      | Reached skill level 9 in Unarmed Combat
  5206 | D:6      | Found a sparkling altar of Nemelex Xobeh.
  5263 | D:6      | Became a worshipper of Nemelex Xobeh the Trickster
  5403 | D:6      | Received a gift from Nemelex Xobeh
  5560 | D:6      | Reached skill level 1 in Evocations
  5911 | D:6      | Found a glowing silver altar of Zin.
  6510 | D:7      | Noticed Ijyb
  6518 | D:7      | Killed Ijyb
  6585 | D:7      | Found an ancient bone altar of Kikubaaqudgha.
  6623 | D:7      | Reached skill level 10 in Unarmed Combat
  6697 | D:7      | Reached XP level 9. HP: 56/59 MP: 10/14
  6772 | D:7      | Noticed Edmund
  6799 | D:7      | Killed Edmund
  7404 | D:7      | Found a radiant altar of Vehumet.
  7404 | D:7      | Found a shattered altar of Ashenzari.
  7451 | D:7      | Found a staircase to the Ecumenical Temple.
  7712 | D:8      | Reached skill level 11 in Unarmed Combat
  7812 | D:8      | Noticed Gastronok
  8282 | D:8      | Found a shadowy altar of Dithmenos.
  8621 | D:7      | Reached skill level 5 in Evocations
  8930 | D:8      | Killed from afar by Gastronok

Action                   |  1- 3 |  4- 6 |  7- 9 || total
-------------------------+-------+-------+-------++-------
Melee: Unarmed           |   148 |   150 |   488 ||   786
 Cast: Beastly Appendage |    29 |     4 |       ||    33
       Spider Form       |     2 |    11 |    52 ||    65
Evoke: Deck              |       |       |     5 ||     5
       Wand              |       |       |    25 ||    25
  Use: Potion            |       |     3 |     9 ||    12
       Scroll            |       |       |    15 ||    15
 Stab: Sleeping          |     1 |     1 |     2 ||     4
       Invisible         |       |       |     7 ||     7
       Paralysed         |       |       |     2 ||     2
  Eat: Chunk             |     4 |     6 |    25 ||    35
       Fruit             |       |       |     1 ||     1
